 Seeded DCSS version 0.29.1-15-g9cfb28693d (webtiles) character file.

Game seed: 838156917958396630 (custom seed)

14 Mickster the Chopper (level 2, -3/24 HPs)
             Began as a Demigod Gladiator on Mar 8, 2023.
             Slain by a kobold
             ... wielding a +4 dagger
              (4 damage)
             ... on level 1 of the Dungeon.
             The game lasted 00:04:52 (397 turns).

Mickster the Chopper (Demigod Gladiator)             Turns: 397, Time: 00:04:53

Health: -3/24      AC:  6    Str: 15    XL:     2   Next: 18%
Magic:  4/4        EV: 11    Int: 10    God:
Gold:   31         SH:  0    Dex: 15    Spells: 1/1 levels left

rFire   . . .      SeeInvis .   a - +0 war axe
rCold   . . .      Faith    .   (no shield)
rNeg    . . .      Spirit   .   g - +0 ring mail
rPois   .          Reflect  .   c - +0 helmet
rElec   .          Harm     .   (no cloak)
rCorr   .          Rampage  .   (no gloves)
Will    .....                   (no boots)
Stlth   +.........              (no amulet)
HPRegen 0.08/turn               (no ring)
MPRegen 0.09/turn               (no ring)

@: no status effects
A: high MP 1, forlorn, divine attributes
a: no special abilities


You were on level 1 of the Dungeon.
You visited 1 branch of the dungeon, and saw 1 of its levels.

You collected 31 gold pieces.

Inventory:

Hand Weapons
 a - a +0 war axe (weapon)
Missiles
 d - 3 throwing nets (quivered)
 e - a javelin
Armour
 b - a +0 leather armour
 c - a +0 helmet (worn)
 g - a +0 ring mail (worn)


   Skills:
 + Level 1.8 Fighting
 * Level 3.1 Axes
 + Level 1.8 Throwing
 + Level 3.0 Dodging


You had one spell level left.
You didn't know any spells.
Your spell library was empty.

Dungeon Overview and Level Annotations

Branches:
Dungeon (1/15)


Innate Abilities, Weirdness & Mutations

You have an increased reservoir of magic. (+10% MP)
You shall have no god before yourself.
Your divine heritage dramatically boosts your attributes as you level up.


Message History

You hit the giant cockroach.
The giant cockroach is severely wounded.
The giant cockroach bites you but does no damage.
The giant cockroach misses you.
You completely miss the giant cockroach.
The giant cockroach is severely wounded.
The giant cockroach closely misses you.
You barely miss the giant cockroach.
The giant cockroach is severely wounded.
The giant cockroach bites you. The giant cockroach barely misses you.
You hit the giant cockroach.
You kill the giant cockroach!
A kobold comes into view. It is wielding a +4 dagger.
The kobold completely misses you.
You barely miss the kobold. The kobold closely misses you.
The kobold hits you but does no damage.
You hit the kobold.
The kobold is moderately wounded.
The kobold hits you with a +4 dagger.
You closely miss the kobold.
The kobold is moderately wounded.
The kobold hits you with a +4 dagger. The kobold closely misses you.
You barely miss the kobold.
The kobold is moderately wounded.
The kobold misses you.
You closely miss the kobold.
The kobold is moderately wounded.
The kobold hits you with a +4 dagger.
You barely miss the kobold.
The kobold is moderately wounded.
The kobold hits you with a +4 dagger. x2
* * * LOW HITPOINT WARNING * * *
You hit the kobold but do no damage.
The kobold is moderately wounded.
The kobold hits you with a +4 dagger.
* * * LOW HITPOINT WARNING * * *
You barely miss the kobold.
The kobold is moderately wounded.
The kobold hits you with a +4 dagger.
You die...

....# ###..### #......#
#......+ ##......#
#.......# ####.......#
#############..........#
......K@......>.........
#.###########.###.......
#..# #.......
...........##.
##...#########. ..... #.
##...# #. #...# #.


You could see a kobold.

Vanquished Creatures
  A dart slug (D:1)
  3 endoplasms (D:1)
  2 giant cockroaches (D:1)
  2 hobgoblins (D:1)
  2 ball pythons (D:1)
  A frilled lizard (D:1)
11 creatures vanquished.

Notes
Turn   | Place    | Note
-------+----------+-------------------------------------------
     0 | D:1      | Mickster the Demigod Gladiator began the quest for the Orb.
     0 | D:1      | Reached XP level 1. HP: 17/17 MP: 3/3
   303 | D:1      | Reached XP level 2. HP: 24/24 MP: 4/4
   396 | D:1      | HP: 1/24 [kobold/+4 dagger (6)]
   397 | D:1      | Slain by a kobold

Illustrated notes

Levels and vault maps discovered:
D:1:      psy_arrival_dodecagon, layout_basic

Skill      XL: |  1  2 |
---------------+-------+-----
Axes           | 3 |  3.1
Dodging        | 3 |  3.0
Fighting       | |  1.8
Throwing       | |  1.8

Action                   || total
-------------------------++-------
Melee: War axe           ||    33
  Use: Potion            ||     2
       Scroll            ||     1
Armor: Ring mail         ||     5
Dodge: Dodged            ||    24
